 Dungeon Crawl Stone Soup version 0.25-a0-292-gaa31f046c4 (webtiles) character file.

Game seed: 17916900046539260048, levelgen mode: classic

2524 Borgoz the Skirmisher (level 9, -4/58 HPs)
             Began as a Gargoyle Fighter on Dec 16, 2019.
             Was a Follower of Ashenzari.
             Killed from afar by a fire dragon (15 damage)
             ... with a blast of flame
             ... on level 9 of the Dungeon.
             The game lasted 00:10:11 (7178 turns).

Borgoz the Skirmisher (Gargoyle Fighter)            Turns: 7178, Time: 00:10:12

Health: -4/58      AC: 14    Str: 26    XL:     9   Next: 54%
Magic:  9/9        EV: 13    Int:  9    God:    Ashenzari [*.....]
Gold:   447        SH: 12    Dex: 14    Spells: 4/8 levels left

rFire    + . .     SeeInvis .   a - +0 flail (curse)
rCold    x . .     Gourm    .   c - +0 shield
rNeg     + . .     Faith    .   b - +0 scale mail (curse)
rPois    ∞         Spirit   .   (no helmet)
rElec    +         Reflect  .   (no cloak)
rCorr    .         Harm     .   (no gloves)
MR       .....                  (no boots)
Stlth    +.........             (no amulet)
HPRegen  0.19/turn              q - +3 ring of strength
MPRegen  0.11/turn              d - ring of fire

@: agile, very slightly contaminated, invisible
A: negative energy resistance 1, electricity resistance, unbreathing,
petrification resistance, rot immunity, AC +6
a: Curse Item, Scrying, Renounce Religion


You were on level 9 of the Dungeon.
You worshipped Ashenzari.
Ashenzari was aware of your devotion.
You were not hungry.

You visited 2 branches of the dungeon, and saw 10 of its levels.

You collected 447 gold pieces.

Inventory:

Hand Weapons
 a - a cursed +0 flail (weapon)
Armour
 b - a cursed +0 scale mail (worn)
 c - a +0 shield (worn)
 C - a +2 scale mail of fire resistance
Jewellery
 d - a ring of fire (right hand)
 q - a +3 ring of strength (left hand)
 u - an uncursed ring of resist corrosion
 E - an uncursed ring of protection from cold
Wands
 j - a wand of scattershot (5)
 v - a wand of disintegration (30)
 D - a wand of paralysis (5)
Scrolls
 e - a scroll of enchant armour {unknown}
 g - a scroll of random uselessness {unknown}
 h - a scroll of silence {unknown}
 p - 2 scrolls of remove curse
 r - 2 scrolls of blinking {unknown}
 s - 5 scrolls of enchant weapon {unknown}
 t - 2 scrolls of immolation {unknown}
 x - 2 scrolls of noise {unknown}
 y - 7 scrolls of teleportation
Potions
 i - a potion of heal wounds
 k - 2 potions of magic
 l - 2 potions of flight
 m - a potion of agility
 n - 2 potions of lignification
 w - 4 potions of mutation
 z - a potion of curing
 A - 3 potions of brilliance
 B - 2 potions of haste
Comestibles
 f - 18 rations


   Skills:
 + Level 7.7 Fighting
 + Level 6.6 Maces & Flails
 + Level 7.7 Armour
 + Level 7.6 Shields


You had 4 spell levels left.
You knew the following spells:

 Your Spells              Type           Power        Failure   Level  Hunger
a - Confusing Touch       Hex            #.....       91%         1    ##.....
b - Confuse               Hex            #.......     100%        3    ####...

Your spell library contained the following spells:

 Spells                   Type           Power        Failure   Level  Hunger
 Animate Skeleton         Necr           N/A          91%         1    ##.....
 Apportation              Tloc           #.....       91%         1    ##.....
 Corona                   Hex            #......      91%         1    ##.....
 Summon Small Mammal      Summ           #...         91%         1    ##.....
 Ensorcelled Hibernation  Hex/Ice        #.....       97%         2    ###....
 Dazzling Flash           Conj/Hex       #.....       100%        3    ####...
 Gell's Gravitas          Tloc           #.........   100%        3    ####...
 Tukima's Dance           Hex            #.......     100%        3    ####...
 Petrify                  Tmut/Erth      #.......     100%        4    #####..
 Metabolic Englaciation   Hex/Ice        #.........   100%        5    ######.
 Yara's Violent Unravell  Hex/Tmut       #.........   100%        5    ######.


Dungeon Overview and Level Annotations

Branches:
Dungeon (9/15)             Temple (1/1) D:7            Lair (0/6) D:9
    Orc: D:9-12

Altars:
Ashenzari
Cheibriados
Elyvilon
Fedhas
Gozag
Hepliaklqana
Kikubaaqudgha
Makhleb
Nemelex Xobeh
Okawaru
Qazlal
Ru
Sif Muna
Trog
Uskayaw
Vehumet
Wu Jian
Xom
Yredelemnul
Zin
The Shining One

Shops:
D:7 =

Annotations:
D:7 2 transporters, Borgoz's ghost, novice GrFi
D:9 2 transporters, Hyawatha's ghost, novice GrEE


Innate Abilities, Weirdness & Mutations

You are resistant to torment.
Your stone body is resilient. (AC +6)
You are immune to poison.
You resist negative energy. (rN+)
You are resistant to electric shocks. (rElec)
You can survive without breathing.
You are immune to petrification.
You are immune to rotting.


Message History

Unknown command.
You thump the fire dragon!
The fire dragon is lightly wounded.
You block the fire dragon's attack. The fire dragon barely misses you.
The fire dragon closely misses you. You block the troll's attack.
The troll completely misses you. The troll claws you but does no damage.
The phantom hits you but does no damage.
Your shield and scale mail prevent you from hitting the fire dragon.
The fire dragon is lightly wounded.
The fire dragon bites you.
* * * LOW HITPOINT WARNING * * *
The fire dragon misses you.
The fire dragon tramples you but does no damage.
The troll barely misses you. The troll closely misses you. The troll claws you.
* * * LOW HITPOINT WARNING * * *
You closely miss the fire dragon.
The fire dragon is lightly wounded.
The fire dragon breathes flames at you. The blast of flame hits you!
You resist.
You die...

...... ####.. ###.....# ...#
........# ...#.... .......#
...#...#####.....# ≈≈≈≈
...#...#...#.....# .≈≈§§§≈
...#...+...#.....# ...§≈§§§≈
...#...#...#.....# ..≈≈≈≈.≈≈
...#...#...#...D@# ...§≈≈≈.≈
####...#'###...TW###.....≈≈.
.....................D......
............................
.......................W....
####........................
#................!.......
#...............#########
#....#########..#


You could see a fire dragon, a troll and a phantom.

Vanquished Creatures
  A two-headed ogre (D:8)
  A hippogriff (D:9)
  Sigmund (D:4)
  A human (D:8)
  2 ogres
  A centaur (D:9)
  4 bullfrogs
  3 howler monkeys
  A bullfrog skeleton (D:6)
  A centaur skeleton (D:5)
  5 hounds
  An iguana (D:6)
  Ijyb (D:3)
  3 orc wizards
  8 worker ants
  A howler monkey skeleton (D:4)
  14 adders
  2 shadow imps
  An adder skeleton (D:4)
  7 worms
  2 dart slugs
  5 leopard geckos
  11 orcs
  A ball python (D:7)
  12 bats
  9 giant cockroaches
  4 goblins
  8 hobgoblins
  10 jackals
  2 quokkas
  2 frilled lizards
  5 kobolds
  A leopard gecko skeleton (D:5)
  A quokka skeleton (D:5)
  17 rats
149 creatures vanquished.

Notes
Turn   | Place    | Note
-------+----------+-------------------------------------------
     0 | D:1      | Borgoz the Gargoyle Fighter began the quest for the Orb.
     0 | D:1      | Reached XP level 1. HP: 14/14 MP: 1/1
   161 | D:1      | Reached XP level 2. HP: 18/19 MP: 2/2
   428 | D:1      | Reached XP level 3. HP: 21/23 MP: 3/3
   841 | D:2      | Reached XP level 4. HP: 29/29 MP: 4/4
  1338 | D:2      | Found an opulent altar of Gozag.
  1633 | D:2      | Reached XP level 5. HP: 30/33 MP: 5/5
  1966 | D:3      | Noticed Ijyb
  1980 | D:3      | Killed Ijyb
  2158 | D:3      | Found a sparkling altar of Nemelex Xobeh.
  2529 | D:4      | Reached XP level 6. HP: 25/39 MP: 6/6
  2533 | D:4      | Noticed Sigmund
  2558 | D:4      | Killed Sigmund
  2558 | D:4      | Reached skill level 5 in Armour
  2840 | D:4      | Reached skill level 5 in Fighting
  2840 | D:4      | Reached skill level 5 in Shields
  2840 | D:4      | Reached XP level 7. HP: 36/44 MP: 7/7
  2851 | D:4      | Found a stormy altar of Qazlal.
  3045 | D:4      | Found a hazy altar of Hepliaklqana.
  3620 | D:5      | Entered Level 5 of the Dungeon
  3948 | D:5      | Found a radiant altar of Vehumet.
  3969 | D:5      | Learned a level 1 spell: Confusing Touch
  3973 | D:5      | Learned a level 3 spell: Confuse
  4437 | D:6      | Reached XP level 8. HP: 18/51 MP: 8/8
  4896 | D:6      | Found a blossoming altar of Fedhas.
  4903 | D:6      | Found a basalt altar of Yredelemnul.
  4908 | D:6      | Found a shattered altar of Ashenzari.
  5114 | D:6      | Became a worshipper of Ashenzari the Shackled
  5247 | D:6      | Reached skill level 5 in Maces & Flails
  5562 | D:7      | Found a transporter.
  5600 | D:7      | Noticed Borgoz's ghost (novice GrFi)
  5607 | D:7      | Found a transporter.
  5619 | D:7      | Found a glowing silver altar of Zin.
  5630 | D:7      | Found Seczuj's Jewellery Emporium.
  5679 | D:7      | Found a staircase to the Ecumenical Temple.
  5771 | Temple   | Entered the Ecumenical Temple
  6400 | D:8      | Noticed a two-headed ogre
  6404 | D:8      | Killed a two-headed ogre
  6404 | D:8      | Reached XP level 9. HP: 28/57 MP: 9/9
  6854 | D:9      | Found a bloodstained altar of Trog.
  6854 | D:9      | Identified the +5 halberd "Zenwur" {drain, Fragile Int+2
                  | Dex+3}
  6854 | D:9      | Noticed a tengu warrior
  6854 | D:9      | Noticed Hyawatha's ghost (novice GrEE)
  6855 | D:9      | Noticed a moth of wrath
  6855 | D:9      | Noticed a troll
  6863 | D:9      | Found a transporter.
  6865 | D:9      | Reached * piety under Ashenzari
  6889 | D:9      | Found a transporter.
  6922 | D:9      | Noticed a troll
  7028 | D:9      | Found an ornate altar of the Wu Jian Council.
  7147 | D:9      | Noticed a fire dragon
  7148 | D:9      | Found a staircase to the Lair.
  7164 | D:9      | Noticed a troll
  7170 | D:9      | HP: 2/58 [troll (3)]
  7178 | D:9      | Killed from afar by a fire dragon

Levels and vault maps discovered:
D:1:      roderic_octagonal_star, layout_loops_ring
D:2:      layout_loops_ring, nicolae_gozag_cash_rules_everything_around_me
D:3:      layout_rooms, first_ration, interstate_on_off, nemelex_altar_shiori,
          uniq_ijyb
D:4:      layout_gridville, old_standard_altar, grunt_qazlal_clouds,
          uniq_sigmund
D:5:      layout_loops_ring, basic_altar
D:6:      layout_loops_corners, minmay_overflow_temple_star_quad
D:7:      layout_basic, zin_academy, kennysheep_little_box,
          minmay_temple_entry_offerings, serial_shops, shop,
          gammafunk_ghost_smash, uniq_crazy_yiuf_cottage, uniq_harold
D:8:      layout_basic, grunt_pizzeria
D:9:      layout_irregular_city, lemuel_doored_altar, minmay_lair_entry_lava,
          gammafunk_ghost_wrathful_warriors
Temple:   nicolae_temple_figure_eight

Skill      XL: |  1  2  3  4  5  6  7  8 |
---------------+-------------------------+-----
Armour         | 4 5 7 |  7.7
Shields        | 4 5 7 |  7.6
Fighting       | 4 5 7 |  7.7
Maces & Flails | 3 4 6 |  6.6

Action                   |  1- 3 |  4- 6 |  7- 9 || total
-------------------------+-------+-------+-------++-------
Melee: Flail             |   113 |   250 |   355 ||   718
Invok: Curse Item        |       |       |     2 ||     2
Evoke: Wand              |       |       |     3 ||     3
  Use: Potion            |       |     5 |     5 ||    10
       Scroll            |       |       |     9 ||     9
  Eat: Chunk             |       |     7 |    14 ||    21
Armor: Scale mail        |    87 |   143 |   191 ||   421
       Skin              |       |     8 |       ||     8
Dodge: Dodged            |    41 |    78 |   107 ||   226
Block: Shield            |    69 |   137 |   214 ||   420

Table legend:
 A = Non-vault XP
 B = Vault XP
 C = Vault XP percentage of total XP
 D = Non-vault monster count
 E = Vault monster count
 F = Vault count percentage of total count
                 A         B        C        D         E       F
            +---------+---------+-------+---------+---------+-------
      Total |    3160 |     446 |  12.4 |     146 |       3 |   2.0
            +---------+---------+-------+---------+---------+-------
        D:1 |      51 |       0 |   0.0 |      28 |       0 |   0.0
        D:2 |     115 |       0 |   0.0 |      27 |       0 |   0.0
        D:3 |      66 |      36 |  35.3 |      19 |       1 |   5.0
        D:4 |     491 |     208 |  29.8 |      19 |       1 |   5.0
        D:5 |     132 |       0 |   0.0 |      13 |       0 |   0.0
        D:6 |     445 |       0 |   0.0 |      18 |       0 |   0.0
        D:7 |     229 |       0 |   0.0 |      11 |       0 |   0.0
        D:8 |    1206 |     202 |  14.3 |       8 |       1 |  11.1
        D:9 |     425 |       0 |   0.0 |       3 |       0 |   0.0
            +---------+---------+-------+---------+---------+-------
